 Dungeon Crawl Stone Soup version 0.29-a0-1023-g6ae1a4a2c7 (webtiles) character file.

Game seed: 11847059841190746944

3182 Newt the Cleaver (level 9, -5/109 HPs)
             Began as a Palentonga Monk on Aug 11, 2022.
             Was a Believer of Wu Jian.
             Slain by a wraith (8 damage)
             ... on level 7 of the Dungeon.
             The game lasted 00:14:36 (7435 turns).

Newt the Cleaver (Palentonga Monk)                  Turns: 7435, Time: 00:14:36

Health: -5/109     AC: 24    Str: 18    XL:     9   Next: 64%
Magic:  9/9        EV:  1    Int: 12    God:    Wu Jian [**....]
Gold:   187        SH:  5    Dex: 14    Spells: 8/8 levels left

rFire   + . .      SeeInvis +   c - +3 war axe (venom)
rCold   . . .      Faith    .   r - +0 buckler
rNeg    . . .      Spirit   .   (body armour currently unavailable)
rPois   +          Reflect  .   (helmet currently unavailable)
rElec   .          Harm     .   (cloak currently unavailable)
rCorr   .          Rampage  .   (gloves currently unavailable)
Will    .....      NoTele   +   (no barding)
Stlth   ++........              (no amulet)
HPRegen 0.28/turn               o - ring of protection from fire
MPRegen 0.11/turn               (no ring)

@: tree-form, attractive, slowed, very slow
A: stationary, stasis, torment immunity, boosted hp, large, rugged brown scales
3, see invisible, (deformed body), (roll 1), (armoured tail), (reflexive curl),
wild magic 1, inability to read while threatened 1
a: Renounce Religion, Wall Jump


You were on level 7 of the Dungeon.
You worshipped Wu Jian.
Wu Jian was pleased with you.
You were a tree.
You visited 2 branches of the dungeon, and saw 8 of its levels.

You collected 349 gold pieces.
You spent 162 gold pieces at shops.

Inventory:

Hand Weapons
 a - a +0 vampiric hand axe
 c - a +3 war axe of venom (weapon)
 p - the +7 quarterstaff of Harmony {vorpal, rElec}
   (You found it on level 5 of the Dungeon)

   It inflicts extra damage upon your enemies.
   rElec:     It insulates you from electricity.
 v - a +4 hand axe of flaming
Armour
 b - a +1 robe
 d - a +2 cloak (melded)
 g - a +0 leather armour
 i - a +0 ring mail
 l - a +1 ring mail of cold resistance (melded)
 n - a +1 chain mail
 r - a +0 buckler (worn)
 w - +0 steam dragon scales
Jewellery
 o - a ring of protection from fire (left branch)
 x - a ring of ice
Wands
 j - a wand of roots (7)
Scrolls
 k - a scroll of teleportation
 t - a scroll of blinking
 y - 3 scrolls of amnesia
Potions
 f - a potion of lignification
 h - 2 potions of degeneration
 m - a potion of mutation
 q - a potion of resistance


   Skills:
 - Level 6.3 Fighting
 * Level 9.9 Axes
 - Level 4.4 Armour
 - Level 2.4 Dodging
 - Level 1.2 Stealth
 + Level 5.2 Shields


You had 8 spell levels left.
You didn't know any spells.
Your spell library contained the following spells:

 Spells                   Type           Power      Damage    Failure   Level
 Ensorcelled Hibernation  Hex/Ice        0%         N/A       61%         2
 Passwall                 Tmut/Erth      0%         N/A       61%         2
 Static Discharge         Conj/Air       0%         3-3/arc   61%         2
 Swiftness                Air            0%         N/A       82%         3
 Lightning Bolt           Conj/Air       0%         1d11      100%        5
 Maxwell's Capacitive Co  Air            0%         ∞         100%        8


Dungeon Overview and Level Annotations

Branches:
Dungeon (7/15)             Temple (1/1) D:6

Altars:
Ashenzari
Cheibriados
Elyvilon
Fedhas
Hepliaklqana
Makhleb
Nemelex Xobeh
Okawaru
Qazlal
Ru
Sif Muna
Uskayaw
Vehumet
Wu Jian
Xom
Yredelemnul
Zin
The Shining One

Shops:
D:3 *

Annotations:
D:7 1 runed translucent door


Innate Abilities, Weirdness & Mutations

You are a tree.
Your roots penetrate the ground, keeping you stationary.
You cannot be teleported.
You are immune to unholy pain and torment.
Your maximum health is greatly increased.
Your equipment is partially melded.
(You are completely covered in rugged brown scales. (AC +3, +7% HP))
You have supernaturally acute eyesight. (SInv)
((Armour fits poorly on your strangely shaped body.))
((You can roll at nearby foes to attack.))
((You have a long armoured tail.))
((You curl defensively after being hit. (AC +7*)))
Your spells are a little harder to cast, but a little more powerful.
You occasionally lose the ability to read scrolls when taking damage.


Message History

The killer bee stings you but does no damage.
The wraith hits you. The wraith drains your vigour!
You feel as though you will be slow longer.
You block the wyvern's attack. The killer bee closely misses you.
The wraith hits you but does no damage. The wyvern bites you!
The killer bee stings you but does no damage.
You slash the wyvern!
You kill the wyvern!
The Council accepts your kill.
You barely miss the wraith.
You hit the killer bee but do no damage.
You feel sick.
The killer bee stings you but does no damage. x2
The wraith hits you but does no damage. The killer bee stings you!
* * * LOW HITPOINT WARNING * * *
The wraith hits you but does no damage.
You slash the killer bee!
You kill the killer bee!
The Council accepts your kill.
You barely miss the wraith.
You feel sick. The wraith hits you!
* * * LOW HITPOINT WARNING * * *
The wraith drains your vigour!
You feel as though you will be slow longer.
It was a potion of lignification.
You turn into a tree.
Your +2 cloak melds into your body.
Your +1 ring mail of cold resistance melds into your body.
You feel less resistant to cold.
Your roots penetrate the ground.
You feel sick.
The wraith hits you but does no damage. x2
It was a potion of mutation.
You feel extremely strange.
You occasionally lose the ability to read scrolls when threatened.
You feel less in control of your magic.
You feel sick.
You are no longer poisoned.
The wraith hits you.
* * * LOW HITPOINT WARNING * * *
It was a potion of attraction.
You feel attractive to monsters. The wraith completely misses you.
You block the wraith's attack.
It was a potion of flight.
Your roots keep you in place.
The wraith hits you!
You die...

########
#............#
######......#
#.....>......#
####)##W..####.#
#............#
....)...###
#.######)..........#
###.).###
#.......#[[........#
))).###
#..........####....#
.####
#......).######....#
##
#....[....|.....<...
#.†♣[...####.##.....
#..W[[.>####.###..##
#........##.........
#...................
#(..................
#...........########
#.##......#.##
###.##....#....#
###...........##.##


You could see a wraith.

Vanquished Creatures
  A hornet (D:6)
  Sigmund (D:6)
  A wyvern (D:7)
  A steam dragon (D:7)
  Menkaure (D:7)
  3 water moccasins
  3 ice beasts
  3 orc warriors
  A black bear (D:7)
  A centaur (D:5)
  A phantom (D:6)
  A bullfrog (D:6)
  A kobold brigand (D:7)
  2 necrophages
  2 scorpions
  8 wights
  A killer bee (D:7)
  4 howler monkeys
  A jelly (D:6)
  An iguana (D:4)
  4 orc wizards
  5 adders
  4 ufetubi
  2 worms (D:4)
  2 dart slugs
  20 orcs
  11 endoplasms
  2 giant cockroaches
  10 goblins
  7 hobgoblins
  6 jackals
  A quokka (D:1)
  7 ball pythons
  8 bats
  2 frilled lizards (D:1)
  8 kobolds
  5 rats
142 creatures vanquished.

Vanquished Creatures (others)
  A fungus (D:1)
  52 plants
53 creatures vanquished.

Grand Total: 195 creatures vanquished

Notes
Turn   | Place    | Note
-------+----------+-------------------------------------------
     0 | D:1      | Newt the Palentonga Monk began the quest for the Orb.
     0 | D:1      | Reached XP level 1. HP: 19/19 MP: 1/1
    70 | D:1      | Reached XP level 2. HP: 21/25 MP: 2/2
   317 | D:1      | Found a faded altar of an unknown god.
   324 | D:1      | Reached skill level 4 in Axes
   440 | D:1      | Reached XP level 3. HP: 30/31 MP: 3/3
  1876 | D:3      | Reached XP level 4. HP: 37/37 MP: 4/4
  1913 | D:3      | Reached skill level 5 in Axes
  2098 | D:3      | Found Susysasi's General Store.
  2155 | D:3      | Found a blossoming altar of Fedhas.
  2158 | D:3      | Found a glowing silver altar of Zin.
  2160 | D:3      | Found a sparkling altar of Nemelex Xobeh.
  2432 | D:3      | Bought a potion of curing for 39 gold pieces
  2467 | D:4      | Noticed a water moccasin
  3238 | D:4      | Killed a water moccasin
  3239 | D:4      | Reached XP level 5. HP: 44/44 MP: 5/5
  3439 | D:4      | Reached XP level 6. HP: 21/49 MP: 6/6
  3708 | D:3      | Bought a scroll of brand weapon for 123 gold pieces
  3947 | D:5      | Entered Level 5 of the Dungeon
  3950 | D:5      | Reached skill level 5 in Fighting
  3979 | D:5      | Noticed an ice beast
  3987 | D:5      | Killed an ice beast
  3988 | D:5      | Gained mutation: You curl defensively after being hit. (AC
                  | +7*) [Palentonga growth]
  3988 | D:5      | Reached XP level 7. HP: 46/59 MP: 7/7
  4340 | D:5      | Identified the +7 quarterstaff of Harmony {vorpal, rElec}
  4763 | D:6      | Reached skill level 1 in Shields
  4763 | D:6      | Reached XP level 8. HP: 59/68 MP: 8/8
  4769 | D:6      | Noticed Sigmund
  4774 | D:6      | Killed Sigmund
  4775 | D:6      | Reached skill level 6 in Axes
  5511 | D:6      | Noticed a hornet
  5514 | D:6      | Killed a hornet
  5515 | D:6      | Reached skill level 7 in Axes
  5981 | D:6      | Found a staircase to the Ecumenical Temple.
  5991 | Temple   | Entered the Ecumenical Temple
  6019 | Temple   | Became a worshipper of the Wu Jian Council
  6019 | Temple   | Reached * piety under Wu Jian
  6019 | Temple   | Reached ** piety under Wu Jian
  6274 | D:6      | Reached skill level 8 in Axes
  6330 | D:7      | Reached XP level 9. HP: 52/72 MP: 9/9
  6762 | D:7      | Found a runed translucent door.
  6767 | D:7      | Reached skill level 9 in Axes
  6783 | D:7      | Noticed Menkaure
  6788 | D:7      | Killed Menkaure
  6955 | D:7      | Noticed a skeletal warrior
  7110 | D:7      | Noticed an unseen horror
  7148 | D:7      | Reached skill level 5 in Shields
  7433 | D:7      | Gained mutation: You occasionally lose the ability to read
                  | scrolls when taking damage. [potion of mutation]
  7433 | D:7      | Gained mutation: Your spells are a little harder to cast,
                  | but a little more powerful. [potion of mutation]
  7433 | D:7      | HP: 4/109 [poisoned by a killer bee]
  7435 | D:7      | Slain by a wraith

Illustrated notes

Levels and vault maps discovered:
D:1:      dpeg_arrival_windows_large_door, layout_basic,
          shapermc_ecumenical_altar_acropolis
D:2:      layout_basic, glass_columns_c
D:3:      layout_basic, minitemple, serial_shops, shop
D:4:      layout_gridville, serial_bayou, serial_bayou_shore_a,
          serial_bayou_lagoon_a, serial_bayou_shore_b, serial_bayou_pond_a
D:5:      layout_gridville
D:6:      layout_loops_corners, minmay_temple_entry_poolview,
          hangedman_decor_opposing, uniq_sigmund
D:7:      minmay_the_grid_triangle_9x9_rhombus_thin
          [minmay_the_grid_triangle_9x9_longest,
          minmay_the_grid_triangle_9x9_prize_special,
          minmay_the_grid_triangle_9x9_empty,
          minmay_the_grid_triangle_9x9_flanged_cone], layout_rooms,
          lightli_church_of_beogh, uniq_menkaure
Temple:   nicolae_temple_bog_church

Skill      XL: |  1  2  3  4  5  6  7  8  9 |
---------------+----------------------------+-----
Axes           | 4 5 8 9 |  9.9
Fighting       | 4 5 6 |  6.3
Armour         | 2 3 4 |  4.4
Shields        | 1 3 5 |  5.2
Dodging        | |  2.4
Stealth        | |  1.2

Action                   |  1- 3 |  4- 6 |  7- 9 || total
-------------------------+-------+-------+-------++-------
Melee: Hand axe          |   116 |    96 |    46 ||   258
       Tailslap          |     7 |    18 |    26 ||    51
       Punch             |       |     1 |     1 ||     2
       War axe           |       |    17 |   158 ||   175
Invok: Whirlwind         |       |       |     1 ||     1
       Lunge             |       |       |     7 ||     7
 Abil: Rolling Charge    |    19 |     5 |    16 ||    40
Evoke: Wand              |       |     1 |       ||     1
  Use: Scroll            |    10 |     5 |     4 ||    19
       Potion            |       |     5 |     6 ||    11
 Stab: Sleeping          |     2 |       |       ||     2
Armor: Robe              |    62 |       |       ||    62
       Leather armour    |     3 |     7 |       ||    10
       Chain mail        |       |    87 |    11 ||    98
       Ring mail         |       |    16 |    84 ||   100
       Skin              |       |       |     2 ||     2
Dodge: Dodged            |    61 |    45 |    90 ||   196
Block: Buckler           |       |       |    40 ||    40

Table legend: (Time is in decaauts)
 A = Elapsed time spent in this place.
 B = Non-inter-level travel time spent in this place.
 C = Inter-level travel time spent in this place.
 D = Time resting spent in this place.
 E = Time spent auto-exploring this place.
 F = Levels seen in this place.
 G = Mean time per level.
                   A        B        C        D        E       F      G
               +--------+--------+--------+--------+--------+-----+--------+
         Total |   7514 |   7099 |    415 |   1645 |   4295 |   8 |  939.2 |
       Dungeon |   7472 |   7074 |    398 |   1645 |   4282 |   7 | 1067.4 |
        Temple |     42 |     25 |     17 |      0 |     13 |   1 |   42.0 |
               +--------+--------+--------+--------+--------+-----+--------+

Top non-repeatable levels by time:
     D:6: 1894 daAuts
     D:4: 1399 daAuts
     D:3: 1028 daAuts
     D:1: 866 daAuts
     D:5: 815 daAuts
     D:7: 768 daAuts
     D:2: 699 daAuts
  Temple: 42 daAuts
